 Dungeon Crawl Stone Soup version 0.31-a0-345-g1ebeae05c6 (webtiles) character file.

Game seed: 1320741779483182875

36 LeprechaunX the Ruffian (level 3, -2/23 HPs)
             Began as an Octopode Shapeshifter on July 23, 2023.
             Slain by a kobold
             ... wielding a +0 short sword
              (3 damage)
             ... on level 2 of the Dungeon.
             The game lasted 00:00:52 (791 turns).

LeprechaunX the Ruffian (Octopode Shapeshifter)      Turns: 791, Time: 00:00:52

Health: -2/23      AC:  1    Str: 16    XL:     3   Next: 37%
Magic:  3/3        EV: 13    Int: 10    God:
Gold:   52         SH:  0    Dex: 12    Spells: 2/2 levels left

rFire   . .          .
                       - Unarmed
rCold   . . .        (no shield)
rNeg    . . .        (helmet currently unavailable)
rPois   .            (no amulet)
rElec   .            (no ring)
rCorr   .            (no ring)
SInv    .            (no ring)
Will    .....        (no ring)
Stlth   ++           (no ring)
HPRegen 0.23/turn    (no ring)
MPRegen 0.08/turn    (no ring)
                     (no ring)

%: no passive effects
@: beast-form
A: beast (slay +2), almost no armour, amphibious, 8 rings, camouflage 1,
gelatinous body 1, (nimble swimmer 1), tentacles
a: Begin Untransformation


You were on level 2 of the Dungeon.
You were a hulking beast.
You visited 1 branch of the dungeon, and saw 2 of its levels.

You collected 52 gold pieces.

Inventory:

Armour
 e - a +0 buckler
Talismans
 b - a beast talisman
Scrolls
 c - a scroll of revelation {unknown}
Potions
 a - 2 potions of lignification
 d - a potion of experience {unknown}
 f - a potion of attraction {unknown}


   Skills:
 + Level 1.5 Fighting
 + Level 2.3 Dodging
 * Level 3.6 Unarmed Combat
 + Level 3.2 Shapeshifting


You had 2 spell levels left.
You didn't know any spells.
Your spell library was empty.

Dungeon Overview and Level Annotations

Branches:
Dungeon (2/15)

Altars:


Innate Abilities, Weirdness & Mutations

You are a hulking beast.
Your limbs bulge with bestial killing power. (Slay +2)
You cannot wear most types of armour.
You are amphibious.
You can wear up to eight rings at the same time.
Your skin changes colour to match your surroundings (Stealth+).
Your rubbery body absorbs attacks. (AC +1, EV +1)
((You are camouflaged when in or above water. (Stealth+)))
You have tentacles for arms and can constrict up to eight enemies at once.


Message History

You are too injured to fight recklessly!
You are too injured to fight recklessly!
You are too injured to fight recklessly!
You are too injured to fight recklessly!
You are too injured to fight recklessly!
You are too injured to fight recklessly!
You are too injured to fight recklessly!
You are too injured to fight recklessly!
You are too injured to fight recklessly!
Unknown command.
You tentacle-slap the adder. Your grab misses the adder.
The adder is almost dead.
The quokka bites you. The adder bites you.
* * * LOW HITPOINT WARNING * * *
You tentacle-slap the adder.
You kill the adder!
The quokka closely misses you.
You tentacle-slap the quokka. Your grab misses the quokka.
The quokka is moderately wounded.
The quokka closely misses you.
The quokka bites you but does no damage.
The kobold attacks as you move away! The kobold hits you but does no damage.
You closely miss the kobold. Your grab misses the kobold.
The kobold hits you with a +0 short sword.
* * * LOW HITPOINT WARNING * * *
The quokka misses you. The kobold attacks as you move away!
The kobold closely misses you. The quokka attacks as you move away!
The quokka closely misses you.
You closely miss the quokka. You grab the quokka. You squeeze the quokka.
The quokka is lightly wounded.
You constrict the quokka. The quokka barely misses you.
The kobold closely misses you.
You tentacle-slap the quokka.
You kill the quokka!
The kobold hits you with a +0 short sword.
* * * LOW HITPOINT WARNING * * *
You tentacle-slap the kobold but do no damage.
Your grab misses the kobold. Your squeeze misses the kobold.
The kobold hits you with a +0 short sword.
You die...

## #+######.. #####..
...........
##.....####.....#.#.#
#....................
##................#.#.
#..................... .
#...........##........
...##...K.......##.#.#....
.........h.............>.#
........##########.#......
.?......# ........##.##
#........ #.....).#<...
..#.....!. #.###...#...# .
#........ # #...##.##
#......... ........
#.......... .........
#........... ......#


You could see a kobold.

Vanquished Creatures
  An adder (D:2)
  A dart slug (D:1)
  4 endoplasms
  2 goblins
  5 hobgoblins (D:1)
  2 quokkas
  3 ball pythons
  3 bats (D:1)
  A frilled lizard (D:1)
  A kobold (D:1)
23 creatures vanquished.

Notes
Turn   | Place    | Note
-------+----------+-------------------------------------------
     0 | D:1      | LeprechaunX the Octopode Shapeshifter began the quest for
                  | the Orb.
     0 | D:1      | Reached XP level 1. HP: 13/13 MP: 1/1
   374 | D:1      | Reached XP level 2. HP: 13/18 MP: 2/2
   764 | D:2      | Reached XP level 3. HP: 23/23 MP: 3/3
   790 | D:2      | HP: 1/23 [kobold/+0 short sword (2)]
   791 | D:2      | Slain by a kobold

Illustrated notes

Levels and vault maps discovered:
D:1:      dpeg_arrival_chambers_temple_mockup, layout_basic
D:2:      layout_basic, shapermc_ecumenical_altar_mp_urbaneastern,
          chequers_serial_rivers_room_a, grunt_decor_junction,
          minmay_misc_feat_pillars

Action                     || total
---------------------------++-------
  Melee: Unarmed           ||    47
         Constrict         ||    10
         Tentacles         ||     5
         Punch             ||     1
   Stab: Sleeping          ||     2
 Armour: Skin              ||     4
  Dodge: Dodged            ||    35

Table legend: (Time is in decaauts)
 A = Elapsed time spent in this place.
 B = Non-inter-level travel time spent in this place.
 C = Inter-level travel time spent in this place.
 D = Time resting spent in this place.
 E = Time spent auto-exploring this place.
 F = Levels seen in this place.
 G = Mean time per level.
                   A        B        C        D        E       F      G
               +--------+--------+--------+--------+--------+-----+--------+
         Total |    787 |    767 |     20 |      0 |    631 |   2 |  393.5 |
       Dungeon |    787 |    767 |     20 |      0 |    631 |   2 |  393.5 |
               +--------+--------+--------+--------+--------+-----+--------+

Top non-repeatable levels by time:
     D:1: 719 daAuts
     D:2: 68 daAuts
